 Dungeon Crawl Stone Soup version 0.26.1-11-gd32895ea62 (webtiles) character file.

Game seed: 2891614824354339537

4336 hawla the Destroyer (level 10, -1/115 HPs)
             Began as a Yellow Draconian Conjurer on Apr 28, 2021.
             Was a Follower of Vehumet.
             Slain by a warg (3 damage)
             ... on level 9 of the Dungeon.
             The game lasted 00:29:01 (12781 turns).

hawla the Destroyer (Yellow Draconian Conjurer)    Turns: 12781, Time: 00:29:01

Health: -1/115     AC: 25    Str: 10    XL:     10   Next: 12%
Magic:  0/21       EV:  2    Int: 22    God:    Vehumet [*.....]
Gold:   622        SH:  0    Dex:  9    Spells: 16/23 levels left

rFire    . . .     SeeInvis .   l - staff of poison
rCold    + . .     Faith    .   (no shield)
rNeg     + + +     Spirit   .   (armour unavailable)
rPois    +         Reflect  .   (helmet currently unavailable)
rElec    .         Harm     .   (cloak currently unavailable)
rCorr    .         Rampage  .   (gloves currently unavailable)
Will     .....     NoTele   +   (boots currently unavailable)
Stlth    ++........             (no amulet)
HPRegen  0.29/turn              e - ring of protection from cold
MPRegen  0.17/turn              (no ring)

@: tree-form
A: (spit acid), unfitting armour, AC +7
a: Renounce Religion


You were on level 9 of the Dungeon.
You worshipped Vehumet.
Vehumet was aware of your devotion.
You were a tree.
You visited 2 branches of the dungeon, and saw 10 of its levels.

You collected 622 gold pieces.

Inventory:

Missiles
 h - 28 poisoned darts
 q - 2 boomerangs
Armour
 f - a +0 pair of gloves (melded)
 r - a +1 cloak (melded)
 v - a +0 buckler
Magical Staves
 i - an uncursed staff of conjuration {unknown}
 l - an uncursed staff of poison (weapon)
Jewellery
 e - a ring of protection from cold (left branch)
 s - an uncursed ring of magical power
Wands
 p - a wand of flame (20)
 t - a wand of paralysis (20)
Scrolls
 g - a scroll of magic mapping
 k - 5 scrolls of remove curse
 m - 2 scrolls of enchant weapon
 n - a scroll of amnesia
 u - a scroll of fear
 x - a scroll of identify
Potions
 a - 9 potions of curing
 b - 2 potions of might
 c - a potion of haste
 j - a potion of ambrosia
 o - a potion of resistance
 w - a potion of heal wounds {unknown}


   Skills:
 - Level 3.0 Fighting
 + Level 4.0 Staves
 - Level 1.0 Throwing
 - Level 2.0 Dodging
 - Level 3.0 Stealth
 + Level 2.2 Shields
 + Level 7.4 Spellcasting
 - Level 10.0 Conjurations
 - Level 3.0 Translocations
 + Level 4.0 Fire Magic
 - Level 1.0 Poison Magic
 - Level 1.0 Evocations


You had 16 spell levels left.
You knew the following spells:

 Your Spells              Type           Power        Failure   Level
a - Magic Dart            Conj           100%         1%          1
b - Searing Ray           Conj           100%         1%          2
c - Iskenderun's Mystic   Conj/Tloc      36%          5%          4

Your spell library contained the following spells:

 Spells                   Type           Power        Failure   Level
 Sandblast                Erth           16%          8%          1
 Dazzling Flash           Conj/Hex       60%          3%          3
 Freeze                   Ice            32%          8%          1
 Fulminant Prism          Conj/Hex       15%          10%         4
 Hailstorm                Conj/Ice       30%          10%         4
 Frozen Ramparts          Ice            16%          24%         3
 Ozocubu's Armour         Ice            8%           24%         3
 Summon Ice Beast         Ice/Summ       8%           61%         4


Dungeon Overview and Level Annotations

Branches:
Dungeon (9/15)             Temple (1/1) D:6            Lair (0/6) D:9
    Orc: D:9-12

Altars:
Ashenzari
Cheibriados
Dithmenos
Elyvilon
Fedhas
Gozag
Hepliaklqana
Kikubaaqudgha
Makhleb
Nemelex Xobeh
Okawaru
Qazlal
Ru
Sif Muna
Trog
Uskayaw
Vehumet
Wu Jian
Xom
Yredelemnul
Zin
The Shining One

Shops:
D:4 !


Innate Abilities, Weirdness & Mutations

((You can spit globs of acid.))
((Your golden yellow scales are hard. (AC +7)))
You cannot fit into any form of body armour.
((You are cold-blooded and may be slowed by cold attacks.))
((You are resistant to acid. (rCorr)))
((You have a pair of small antennae on your head.))
((Your large and strong wings let you fly indefinitely.))
((You have large cloven feet.))


Message History

The searing ray hits something!
The warg bites you. Something hits you but does no damage. The warg bites you!
The orc priest closely misses you.
The searing ray hits something!
Vehumet accepts your kill.
Reactivating autopickup.
You feel a bit more experienced.
You finish channeling your searing ray.
The warg bites you!
* * * LOW HITPOINT WARNING * * *
The orc priest hits you with a +0 club.
* * * LOW HITPOINT WARNING * * *
The warg bites you!
* * * LOW HITPOINT WARNING * * *
Really quaff the potion of lignification?
You turn into a tree.
Your +1 cloak melds into your body.
Your +0 pair of gloves melds into your body.
Your roots penetrate the ground.
The orc priest hits you but does no damage.
The warg bites you.
You die...

.#.#.#.#.#...........#.#.#.#...
#.#.#.#.#.#.........#.#.#.#....
#.#.#.#.#.#...........#.#.#.#...
..#.#.#.#.#.#.#.# ...#.#.# .#..
.#.#.#.#.#.#.#.# ##.....## # ##
..#.#.#.#.#.#.###.......
<#.#.#.#.#.#.#.#.).?....
.#.#.#.#.#.#.#h.o......
.#.#.#.#.#.#..♣))..>..
.#.#.#.#.#.#.).......
.#.#.#.#.#.#........
.#.#$#.#.###....... .#.#.#.#
##..... .#.#.# .#.#. .#.# .#>#
.# #.#.


You could see a warg and an orc priest.

Vanquished Creatures
  Maurice (D:8)
  The ghost of Ayazi56 the Chopper, an amateur NaFi of Trog (D:5)
  A wraith (D:9)
  Eustachio (D:5)
  A steam dragon (D:9)
  Edmund (D:6)
  2 wargs (D:9)
  Duvessa (D:6)
  3 ice beasts
  A sky beast (D:6)
  4 ogres
  A phantom (D:7)
  A centaur (D:7)
  4 bullfrogs
  Dowan (D:6)
  A wyvern skeleton (D:6)
  A scorpion (D:8)
  5 wights (D:9)
  2 howler monkeys (D:4)
  7 orc priests
  Crazy Yiuf (D:3)
  5 hounds
  A jelly (D:5)
  10 orc wizards
  A bullfrog skeleton (D:6)
  2 centaur skeletons
  8 worker ants
  A hound zombie (D:6)
  8 gnolls
  11 adders
  A shadow imp (D:5)
  4 ufetubi
  An adder zombie (D:6)
  3 worms
  4 leopard geckos
  25 orcs
  6 bats (D:3)
  7 giant cockroaches
  9 goblins
  7 hobgoblins
  7 jackals
  5 quokkas
  A ball python (D:4)
  6 frilled lizards
  9 kobolds
  3 leopard gecko skeletons
  4 rats
190 creatures vanquished.

Vanquished Creatures (others)
  An orc wizard (D:5)
  2 plants
3 creatures vanquished.

Grand Total: 193 creatures vanquished

Notes
Turn   | Place    | Note
-------+----------+-------------------------------------------
     0 | D:1      | hawla the Draconian Conjurer began the quest for the Orb.
     0 | D:1      | Reached XP level 1. HP: 14/14 MP: 3/3
   289 | D:1      | Reached XP level 2. HP: 22/22 MP: 3/5
   292 | D:1      | Learned a level 2 spell: Searing Ray
   520 | D:1      | You fall into a shaft and drop 1 floor!
   602 | D:2      | Reached skill level 1 in Fighting
   796 | D:2      | Reached skill level 1 in Translocations
   930 | D:2      | Reached XP level 3. HP: 25/28 MP: 2/6
  2456 | D:3      | Reached XP level 4. HP: 29/35 MP: 4/8
  2461 | D:3      | Learned a level 4 spell: Iskenderun's Mystic Blast
  3269 | D:3      | Found a runed translucent door.
  3270 | D:3      | Noticed Crazy Yiuf
  3843 | D:3      | Killed Crazy Yiuf
  3844 | D:3      | Reached XP level 5. HP: 20/40 MP: 0/9
  4056 | D:4      | Found Rioxti's Distillery.
  4088 | D:4      | Reached skill level 5 in Conjurations
  4259 | D:4      | Found a basalt altar of Yredelemnul.
  4490 | D:4      | Noticed an ogre
  4496 | D:4      | Killed an ogre
  4497 | D:4      | Reached XP level 6. HP: 47/47 MP: 2/12
  4680 | D:4      | Reached skill level 6 in Conjurations
  4847 | D:4      | Your scales start taking on a golden yellow colour.
  4847 | D:4      | Reached XP level 7. HP: 47/52 MP: 3/14
  4847 | D:4      | Gained mutation: You are resistant to acid. (rCorr) [Yellow
                  | Draconian growth]
  4988 | D:4      | Reached skill level 5 in Spellcasting
  5188 | D:4      | Reached skill level 7 in Conjurations
  5544 | D:5      | Entered Level 5 of the Dungeon
  5743 | D:5      | Noticed Eustachio
  5761 | D:5      | Killed Eustachio
  5762 | D:5      | Reached skill level 1 in Staves
  5762 | D:5      | Reached skill level 1 in Fire Magic
  5762 | D:5      | Reached skill level 1 in Evocations
  5872 | D:5      | Reached skill level 1 in Throwing
  5898 | D:5      | Reached XP level 8. HP: 61/61 MP: 11/15
  5975 | D:5      | Found a sparkling altar of Nemelex Xobeh.
  6226 | D:5      | Found a runed translucent door.
  6230 | D:5      | Noticed Ayazi56's ghost (amateur NaFi)
  7619 | D:5      | Killed Ayazi56's ghost
  7812 | D:6      | Reached skill level 8 in Conjurations
  7952 | D:6      | Reached XP level 9. HP: 45/67 MP: 0/18
  8027 | D:6      | Noticed Edmund
  8059 | D:6      | Killed Edmund
  8421 | D:6      | Found a staircase to the Ecumenical Temple.
  8421 | D:6      | Noticed Duvessa
  8423 | D:6      | Noticed Dowan
  8434 | D:6      | Killed Duvessa
  8441 | Temple   | Entered the Ecumenical Temple
  8608 | Temple   | Became a worshipper of Vehumet
  8632 | D:6      | Killed Dowan
  9166 | Temple   | Gained mutation: You have large cloven feet. [potion of
                  | mutation]
  9166 | Temple   | Gained mutation: Your large and strong wings let you fly
                  | indefinitely. [potion of mutation]
  9166 | Temple   | Gained mutation: You evolve. [potion of mutation]
  9462 | D:7      | Reached skill level 9 in Conjurations
 11199 | D:8      | Noticed Maurice
 11349 | D:8      | Reached skill level 10 in Conjurations
 11368 | D:8      | Killed Maurice
 11369 | D:8      | Reached skill level 1 in Shields
 11369 | D:8      | Reached skill level 1 in Poison Magic
 11648 | D:8      | Gained mutation: You have a pair of small antennae on your
                  | head. [evolution]
 11648 | D:8      | Lost mutation: You evolve. [end of evolution]
 12508 | D:9      | Reached XP level 10. HP: 46/75 MP: 0/20
 12768 | D:9      | Found a staircase to the Lair.
 12777 | D:9      | Reached * piety under Vehumet
 12777 | D:9      | Offered knowledge of Sandblast by Vehumet.
 12780 | D:9      | HP: 1/77 [warg (8)]
 12781 | D:9      | Slain by a warg

Illustrated notes

Levels and vault maps discovered:
D:1:      dpeg_arrival_connections, layout_loops_ring
D:2:      layout_basic
D:3:      layout_basic, uniq_crazy_yiuf_cottage
D:4:      minmay_diamond_boxcup, layout_rooms, nicolae_overflow_crystal_walls,
          serial_shops, shop, kennysheep_generic_room_5
D:5:      layout_loops_corners, ebering_ghost_sewer_d, basic_altar,
          uniq_eustachio
D:6:      layout_basic, minmay_temple_entry_sparse_star, minmay_holes,
          st_stairs_14, uniq_edmund, uniq_duvessa
D:7:      layout_layer_cave, serial_bayou_crossing
D:8:      layout_basic, uniq_maurice
D:9:      layout_basic, erik_lair_orcish_takeover
Temple:   grunt_wide_crystal_templ

Skill      XL: |  1  2  3  4  5  6  7  8  9 10 |
---------------+-------------------------------+-----
Stealth        | 2 3 |  3.0
Dodging        | 2 |  2.0
Fighting       | 1 2 3 |  3.0
Translocations | 1 2 3 |  3.0
Spellcasting   | 3 4 5 6 7 |  7.4
Conjurations   | 5 6 7 8 10 | 10.0
Staves         | 1 3 4 |  4.0
Fire Magic     | 1 3 4 |  4.0
Evocations     | 1 |  1.0
Throwing       | 1 |  1.0
Shields        | 1 2 |  2.2
Poison Magic   | 1 |  1.0

Action                   |  1- 3 |  4- 6 |  7- 9 | 10-12 || total
-------------------------+-------+-------+-------+-------++-------
Melee: Unarmed           |    33 |       |       |       ||    33
       Tailslap          |     5 |     1 |     3 |       ||     9
       Quarterstaff      |       |    12 |     5 |       ||    17
       Staff             |       |       |    48 |     5 ||    53
       Kick              |       |       |     1 |       ||     1
 Cast: Magic Dart        |    43 |    21 |    42 |       ||   106
       Searing Ray       |    12 |    32 |    89 |     2 ||   135
       Iskenderun's Myst |       |       |    18 |     5 ||    23
Evoke: Wand              |       |     2 |       |       ||     2
  Use: Scroll            |     4 |     1 |    16 |       ||    21
       Potion            |       |       |     6 |     1 ||     7
 Stab: Paralysed         |       |     5 |       |       ||     5
Armor: Skin              |    17 |    10 |    60 |     7 ||    94
Dodge: Dodged            |    32 |    17 |   107 |     6 ||   162
